Ryna, lawful female human Valkyrie -- ---- ----.- --..--- ---..... |.....-- |......- ---------------|......| .....)| ....|.....--.--......-- -.... | - --..|.--..............| ---.- -- --.... ------..........*..%---....-----...|--- |................@...[........%..........h....)..|<.| -- |.......... ---..%%.%...........----..----.-.|..| - | | --........................| -------....[.-- -#... -...----....|.--...- |....(....--- # .....- --.--|.. ....| -...[.$.....| ^....... ..| --- --.-- ..---...).*..- --....-# -## -- --..---...| ..-..- |.-- ..-- --... --- --- ... .... .|..| ------ Ryna the Skirmisher Experience level: 5 Strength: 18 Dexterity: 14 Constitution: 18 Intelligence: 7 Wisdom: 8 Charisma: 10 Health: 52(52) Energy: 8(8) Def: 4 Gold: 655 Moves: 1256 Dungeon seed: FD97EA_vON9Nl2Vv Game ID: Ryna_1591109259 Your Inventory: Coins $ - 655 gold pieces Amulets p - a cursed amulet of strangulation (being worn) Weapons a - an uncursed +2 long sword (weapon in hand) b - 2 uncursed +0 daggers (in quiver) s - a cursed +0 thirsty dagger Armor e - an uncursed +0 pair of gauntlets of dexterity (being worn) n - an uncursed +0 plate mail q - a cursed -2 elven mithril-coat (being worn) r - an uncursed +0 dwarvish cloak (being worn) y - an uncursed +0 pair of iron shoes Comestibles c - 3 uncursed food rations t - an uncursed banana u - 2 cursed cram rations v - a cursed melon x - an uncursed egg E - an uncursed lichen corpse Potions f - a blessed potion of booze k - a cursed potion of healing w - a potion of unholy water B - an uncursed potion of see invisible Wands g - an uncursed wand of fire (0:0) l - an uncursed wand of digging (0:4) Tools d - an uncursed oil lamp (0:1499) i - 4 cursed wax candles (0:400) j - an uncursed tin whistle F - 6 cursed tallow candles (0:200) Spells and supernatural/magical abilities: Name Level Category Cost Memory W - pray for help -- divine ? -- Your skills at the end: Fighting Skills wands [Basic] Weapon Skills dagger [Basic] long sword [Basic] Spellcasting Skills Final Attributes: You were piously aligned. You were immune to cold. You were being strangled. You were stealthy. You last prayed 678 turns ago. Tyr was noncommittal. You are dead. Vanquished creatures: a monk a dwarf lord 3 gnome lords 2 gnomish wizards 2 little dogs a homunculus a kobold lord a coyote 2 hobgoblins 2 giant rats 14 gnomes 2 garter snakes a kobold a goblin a lichen a newt 36 creatures vanquished. Voluntary challenges: You used a wielded weapon 38 times, starting on turn 438. You read items or engraved 4 times, starting on turn 422. You never genocided any monsters. You never polymorphed an object. You never changed form. You used no wishes. You never split a pudding. You never wrote Elbereth's name. You never violated your personal moral code. Dungeon overview: The Dungeons of Doom: levels 1 to 3 Level 1 a long staircase Level 2 a general store, a fountain stairs to The Gnomish Mines Level 3 a fountain The Gnomish Mines: levels 3 to 4 Level 3 stairs to The Dungeons of Doom Level 4 <- You were here History has recorded: On T:1 you entered the Dungeons of Doom to retrieve the Amulet of Yendor! On T:291 you reached level 2 of The Dungeons of Doom. On T:466 you reached level 1 of The Gnomish Mines. On T:480 you advanced to experience level 2. On T:511 you advanced to experience level 3. On T:555 you reached level 2 of The Gnomish Mines. On T:582 you advanced to experience level 4. On T:706 you reached level 3 of The Dungeons of Doom. On T:1097 you advanced to experience level 5. Score breakdown: Gold: 655 ( 9582 points) Experience: 5 levels (11141 points) Exploration: 4 levels ( 8.16%) ( 7500 points) Discoveries: 6 items ( 2.40%) ( 4647 points) Valuables value: (no points given unless you survive) Artifact value: 0 ( 0 points) Variety of kills: 16 monsters ( 4.21%) ( 6155 points) Turncount: 1256 turns ( 0 points) Survival: died (score multiplied by 80%) Total score: 31220 Latest messages: You have a little trouble lifting b - an uncursed +0 dagger (in quiver). There are a few more objects here. The gnome picks up an uncursed +0 dagger from the floor. You kill the gnome! [2 turns] It constricts your throat! You are now wearing a circular amulet. Oops! That feels deathly cold. [2 turns] You have a little trouble lifting b - an uncursed +0 dagger (in quiver). There are a few more objects here. You hear crashing rock. You kill the garter snake! You hear crashing rock. [2 turns] You drop a dwarvish iron helm. Your movements are now unencumbered. You find it hard to breathe. You are gasping for air. You can no longer breathe. You are turning blue. You suffocate. Final status: Farvel Ryna the Valkyrie, died of strangulation... You suffocated in The Gnomish Mines on dungeon level 4 with 31220 points, and 655 pieces of gold, after 1256 moves. You were level 5 with a maximum of 52 hit points when you suffocated.